[Event "French Top 16-A 2024"]
[Site "Chartres"]
[Date "2024.06.01"]
[Round "3.10"]
[White "Martirosyan, Haik M."]
[Black "Van Wely, Loek"]
[Result "1/2-1/2"]
[ECO "D43"]
[WhiteElo "2679"]
[BlackElo "2608"]
[Annotator "TA"]
[PlyCount "91"]
[EventDate "2024.06.01"]
[EventType "team-tourn"]
[EventCountry "FRA"]
[SourceTitle "playchess.com"]
[Source "ChessBase"]
[SourceQuality "1"]
[TimeControl "40/5400+30:1800+30"]

1. d4 Nf6 2. c4 e6 3. Nf3 d5 4. Nc3 c6 5. Bg5 h6 6. Bxf6 Qxf6 7. e3 g6 8. Bd3 {[%emt 0:00:54] D43: Semi-Slav: 5 Bg5 h6.} Bg7 9. O-O O-O 10. a4 $146 ({Predecessor:} 10. Re1 dxc4 11. Bxc4 Nd7 12. e4 Qe7 13. e5 Rd8 14. Bd3 b6 15. Qe2 a5 16. Rac1 Bb7 17. Be4 Ba6 18. Qe3 Rac8 19. Bb1 Qf8 20. h4 c5 21. Rcd1 cxd4 22. Rxd4 {½-½ Sevian,S (2698)-Shankland,S (2698) USA-ch Saint Louis 2023 (7)}) 10... a5 11. Ne5 dxc4 12. Nxc4 Nd7 13. f4 Qd8 14. Rc1 c5 15. d5 Bxc3 16. dxe6 Bg7 17. exd7 Bxd7 18. Be4 Rb8 19. b3 b5 20. axb5 Bxb5 21. Bd5 Kh8 (21... Kh7 $11 {feels stronger.}) 22. e4 ({White should play} 22. f5 $14) 22... Bd4+ $11 23. Kh1 f5 24. Qf3 fxe4 25. Bxe4 Qf6 26. Bd3 Bc6 27. Qg3 Rxb3 28. Nxa5 Ra3 29. Nxc6 Qxc6 30. Rf3 Qd6 31. Rcf1 Kg7 32. Qh3 Ra1 33. Bb1 Rb8 34. Rb3 Qxf4 35. Qd7+ Kh8 36. Re1 Rf8 ({And not} 36... Rxb3 37. Re8+) 37. Rf3 $1 (37. Rb7 $2 {leads to mate.} Qf1+ 38. Rxf1 Rxf1#) 37... Qb8 38. Rxf8+ Qxf8 39. h4 Be5 40. Rd1 (40. h5 $11 {keeps the balance.} Qf6 41. Qe8+ Kg7 42. Qd7+ Kf8 43. Qh3) 40... Bd4 ({Black should try} 40... h5 $17 41. Re1 (41. Bxg6 $2 {is a self mate.} Qf1+ 42. Rxf1 Rxf1#) 41... Bg3) 41. Re1 $11 Be5 42. h5 (42. Rd1 $5) 42... Qf6 43. Qe8+ Kg7 44. Qd7+ Kh8 45. Qe8+ Kg7 46. Qd7+ 1/2-1/2

[Event "French Top 16-A 2024"]
[Site "Chartres"]
[Date "2024.06.01"]
[Round "3.10"]
[White "Emmenecker, Pierre-Antoine"]
[Black "Albornoz Cabrera, Carlos Daniel"]
[Result "0-1"]
[ECO "A13"]
[WhiteElo "2306"]
[BlackElo "2612"]
[Annotator "TA"]
[PlyCount "90"]
[EventDate "2024.06.01"]
[EventType "team-tourn"]
[EventCountry "FRA"]
[SourceTitle "playchess.com"]
[Source "ChessBase"]
[SourceQuality "1"]
[TimeControl "40/5400+30:1800+30"]

1. e3 Nf6 2. Nf3 d5 3. b3 e6 4. Bb2 Bd6 5. c4 O-O 6. Nc3 a6 7. d4 b6 8. Bd3 {[%emt 0:02:17] White has an edge.} Bb7 9. Qc2 Nbd7 10. e4 dxe4 11. Nxe4 Bb4+ 12. Ke2 Nh5 13. Qc1 {[%emt 0:43:11] [#] Prevents Nf4+.} (13. g3 $11 {keeps the balance.}) 13... f5 ({Black should try} 13... e5 $1 $17 14. dxe5 f6) 14. Ng3 $1 $15 Nhf6 (14... e5 {with more complications.} 15. dxe5 Bxf3+ 16. gxf3 Re8) 15. Qc2 Bd6 16. Rhe1 Bb4 17. Red1 Qe8 (17... Bxf3+ {simplifies} 18. gxf3 g6 19. Kf1 c6) 18. c5 bxc5 19. a3 {[%emt 0:00:00] [#]} c4 $1 20. bxc4 Bd6 21. c5 Bxg3 22. c6 {[%emt 0:00:14] [#]} Bxc6 23. Qxc6 Bd6 $36 {[%emt 0:00:01][%mdl 2048] Black has good play.} 24. Kf1 Nb6 (24... Ne4 {is interesting.} 25. Kg1 Rb8 26. Qc2 Qh5) 25. Qc2 Nbd5 26. Re1 Qh5 {[%emt 0:03:17] ...Nf4 would now be deadly.} 27. Bc4 (27. Bc1 $1 $15) 27... Bxh2 {[%emt 0:02:41] Hoping for ...Ne4.} 28. Rxe6 Kh8 29. Re5 $2 {[%emt 0:00:52][%mdl 8192] Now White is beyond hope.} Bxe5 $19 30. dxe5 {[%emt 0:00:30] [#]} Nf4 $1 31. Kg1 {[%emt 0:00:31] Repels Qh1+} Ne4 32. e6 (32. Bf1 $142) 32... Qg4 33. Ne1 Nh3+ 34. Kf1 Nhxf2 35. Bd4 Ng3+ 36. Kxf2 Qxd4+ 37. Kxg3 Qxa1 38. Nf3 Qxa3 39. Kf2 Qc5+ 40. Kf1 Qe3 41. Qb2 Rab8 42. Qa1 Qe4 43. Qxa6 Rb1+ {[%emt 0:00:00] Black mates.} 44. Kf2 Rb2+ 45. Kg1 Ra8 {[%emt 0:00:00] Weighted Error Value: White=0.70/Black=0.23 (precise) .  Loses game:     	White=1     	---        Mistake:       	White=3     	Black=1      Inaccurate:     	White=3     	---        OK:         	White=7     	Black=12     Best:        	White=1     	Black=1      Strong:       	White=1     	---        Brilliant:      	---       	Black=1} 0-1

[Event "French Top 16-A 2024"]
[Site "Chartres"]
[Date "2024.06.01"]
[Round "3.11"]
[White "Amin, Bassem"]
[Black "Esipenko, Andrey"]
[Result "1/2-1/2"]
[ECO "A04"]
[WhiteElo "2683"]
[BlackElo "2704"]
[Annotator "TA"]
[PlyCount "79"]
[EventDate "2024.06.01"]
[EventType "team-tourn"]
[EventCountry "FRA"]
[SourceTitle "playchess.com"]
[Source "ChessBase"]
[SourceQuality "1"]
[TimeControl "40/5400+30:1800+30"]

1. Nf3 Nf6 2. g3 c5 3. Bg2 Nc6 4. O-O e5 5. e4 d6 6. d3 g6 7. a3 Bg7 8. c4 O-O 9. Nc3 a6 10. Rb1 Rb8 (10... Nd4 {is interesting.} 11. Bg5 Bg4 12. Nd5 b5) 11. b4 cxb4 12. axb4 (12. Nd5 {seems wilder.} bxa3 13. Qb3 Bg4 14. Be3) 12... b5 13. cxb5 (13. Bg5 {looks sharper.} bxc4 14. Qa4 Bd7 15. Qxa6 Nxb4 16. Qxd6 Be6 17. Qxd8 Rfxd8 18. dxc4 Bxc4 19. Rfc1) 13... axb5 14. h3 Be6 15. Be3 Qc8 16. Ng5 Bd7 17. Qd2 h6 18. Nf3 Bxh3 19. Bxh6 Bg4 20. Be3 Qd7 21. Ng5 Qd8 22. Rfc1 Bd7 (22... Nd4 {is more complex.} 23. Rf1 Nh5 24. Nd5 Bh6) 23. Nf3 Ng4 24. Nd5 Nxe3 25. Qxe3 Ne7 26. Nxe7+ Qxe7 27. Rc7 Rfc8 28. Rbc1 Qd8 29. Qa7 (29. Rxc8 {simplifies} Rxc8 30. Rxc8 Qxc8 31. Qa7) 29... Ra8 30. Qb7 (30. Rxc8 {simplifies} Rxc8 31. Rxc8 Qxc8 32. Ng5) 30... Rcb8 31. Qd5 (31. Rxd7 $15 Rxb7 32. Rxb7) 31... Be6 $17 32. Qc6 Ra3 33. Bf1 {[%emt 0:06:31] [#]} (33. Rb7 $17) 33... Rb3 (33... Bh6 $1 $19 {[%cal Rh6c1] and Black stays clearly on top.} 34. Rc3 Ra1) 34. Ra1 Rxb4 35. Rca7 Bf8 36. Ra8 Rc8 37. Ng5 {[%emt 0:00:33] [#] And now Nxe6 would win.} Qxg5 ({Much weaker is} 37... Rxa8 $6 38. Nxe6 Qc8 39. Rxa8 $11 (39. Qxa8 Qxa8 40. Rxa8 fxe6 $11)) (37... Rb2 $1 $17 38. Rxc8 (38. Nxe6 $2 Qf6 $19) 38... Qxc8 39. Qxc8 Bxc8) 38. Rxc8 $11 {[%emt 0:00:05] The position is equal.} Bxc8 39. Qxc8 Ra4 40. Rxa4 $1 {[%emt 0:01:12] Weighted Error Value: White=0.10 (very precise) /Black=0.08 (flawless) .  Mistake:       	White=2     	Black=2      Inaccurate:     	White=1     	---        OK:         	White=15    	Black=18     Best:        	---       	Black=3      Strong:       	White=1     	---} 1/2-1/2

[Event "French Top 16-A 2024"]
[Site "Chartres"]
[Date "2024.06.01"]
[Round "3.11"]
[White "Kunin, Vitaly"]
[Black "Bonte, Andrei-Mihai"]
[Result "1/2-1/2"]
[ECO "D46"]
[WhiteElo "2525"]
[BlackElo "2270"]
[Annotator "TA"]
[PlyCount "159"]
[EventDate "2024.06.01"]
[EventType "team-tourn"]
[EventCountry "FRA"]
[SourceTitle "playchess.com"]
[Source "ChessBase"]
[SourceQuality "1"]
[TimeControl "40/5400+30:1800+30"]

1. Nf3 d5 2. d4 Nf6 3. c4 e6 4. Nc3 c6 5. e3 Nbd7 6. Qc2 Bd6 7. Bd3 dxc4 8. Bxc4 O-O 9. O-O b5 10. Bd3 Bb7 11. Rd1 Qb8 12. h3 h6 13. e4 {[%emt 0:02:30] Threatens to win with e5.} e5 {[%emt 0:01:35] White is slightly better.} 14. Be3 Re8 15. Ne2 exd4 16. Nexd4 a6 $1 17. Nf5 (17. Nxc6 Bxc6 18. Qxc6 Rc8 19. Bxb5 Bc5 (19... Rxc6 20. Bxc6 Bc5 21. e5 $17) 20. Bxc5 Nxc5 $19 (20... Rxc6 $2 21. Bxc6 Nxc5 22. e5 $19)) 17... Bf4 (17... Bf8 $1 $11 {remains equal.}) 18. Bxf4 $1 $16 Qxf4 19. Bf1 {[%emt 0:02:25] Nd6 is the strong threat.} c5 (19... Rxe4 $2 20. Nd6 c5 21. Nxb7 $18) (19... Qxe4 $2 20. Qxe4 Rxe4 21. Nd6 $18) (19... Qc7 $11 {keeps the balance.}) 20. Nd6 Reb8 21. a4 Bc6 22. axb5 (22. Ra3 {is more complex.} Nxe4 23. g3 Qxd6 24. Rxd6 Nxd6 25. Nh4) 22... axb5 23. Rxa8 Bxa8 24. Bxb5 {[%emt 0:08:25] aiming for Bc4.} Nxe4 25. Nxf7 Rxb5 26. Rxd7 Rb8 (26... Bc6 $16 {keeps fighting.} 27. Re7 Rb7 28. Rxb7 Bxb7) 27. N7e5 $18 Ng5 28. Nxg5 ({But not} 28. Qxc5 $6 Nxf3+ 29. gxf3 Re8 $14) 28... Qxg5 29. Qc4+ (29. Qxc5 $2 Qxg2#) 29... Kh7 {[%emt 0:00:07][%csl Ga8][%cal Rg5g2] [#]} 30. Ng4 $1 (30. Qxc5 $2 Qxg2#) 30... h5 31. Qd3+ Qg6 $2 (31... Kg8) 32. Ne5 $2 (32. Nf6+ $18 Kh6 33. Qd2+ Qg5 34. Ng4+ (34. Qxg5+ Kxg5 35. Nd5 Rxb2 $16) 34... hxg4 35. Qd6+ Kh7 36. Qxb8 gxh3 37. Qg3 (37. Qxa8 h2+ 38. Kh1 Qc1+ 39. Kxh2 Qh6+ 40. Kg3 Qg5+ 41. Kf3 Qf5+ 42. Ke3 Qxd7 $16) 37... Qxg3 38. fxg3) 32... Qxd3 $1 $14 33. Nxd3 {[%emt 0:00:05][%mdl 4096] Endgame. KRB-KRN} c4 34. Ne5 Rxb2 35. Nxc4 Rb4 36. Ne3 Be4 37. Re7 Rd4 38. h4 Bg6 39. g3 Be4 40. Re5 {[%emt 0:00:54] White is more active.} g6 41. Re7+ Kg8 42. f4 Kf8 43. Re5 Kf7 44. Kf2 Ra4 45. Ke1 Bc6 46. Rc5 Bd7 47. Nc4 Kf6 48. Kf2 Ra2+ 49. Ke3 Rc2 {[%emt 0:00:42] [#]} (49... Rg2 $11) 50. Nb6 $1 Bf5 51. Nd5+ Ke6 52. Rxc2 Bxc2 {[%emt 0:00:22] KB-KN} 53. Kd4 Bb3 54. Ne3 Ba2 55. Kc5 Bb3 56. Kc6 Ba4+ 57. Kc7 Bb5 58. Kd8 Kf6 {[%emt 0:03:11] [#]} 59. f5 Bd3 $11 60. fxg6 Bxg6 61. Nd5+ Ke5 62. Nf4 Bc2 63. Nxh5 {[%emt 0:00:21] Strongly threatening Ke7.} Kf5 ({Black should play} 63... Bd1 $11) 64. Ke7 $14 {[%emt 0:01:13] Black must now prevent Nf6.} Kg4 65. Ng7 ({White should try} 65. Nf6+ $14 Kxg3 66. h5) 65... Bd1 $11 {[%emt 0:01:52] The position is equal.} 66. h5 {[%emt 0:00:32] Intending h6 and mate.} Kg5 $1 67. Ke6 Bg4+ 68. Ke5 Bf3 69. Ke6 Bg4+ 70. Ke5 Bf3 71. Ne6+ Kxh5 72. Kf4 Bd1 73. Ng7+ Kg6 74. Nf5 Kf6 75. Ne3 Be2 76. Ng2 Bd1 77. Nh4 Be2 78. Nf3 Bxf3 79. Kxf3 {[%emt 0:00:07] Kf4 would kill now.} Kf5 80. g4+ {[%emt 0:00:06] Black defended with fortune.   Weighted Error Value: White=0.16 (very precise) /Black=0.26 (precise) .  Missed win:     	White=1     	---        Mistake:       	White=2     	Black=6      Inaccurate:     	White=5     	Black=2      OK:         	White=30    	Black=30     Best:        	White=6     	Black=6      Strong:       	White=2     	Black=3} 1/2-1/2

[Event "French Top 16-A 2024"]
[Site "Chartres"]
[Date "2024.06.01"]
[Round "3.12"]
[White "Moussard, Jules"]
[Black "Tregubov, Pavel V."]
[Result "0-1"]
[ECO "A25"]
[WhiteElo "2611"]
[BlackElo "2562"]
[Annotator "TA"]
[PlyCount "136"]
[EventDate "2024.06.01"]
[EventType "team-tourn"]
[EventCountry "FRA"]
[SourceTitle "playchess.com"]
[Source "ChessBase"]
[SourceQuality "1"]
[TimeControl "40/5400+30:1800+30"]

1. c4 e5 2. g3 Nf6 3. Bg2 Bc5 4. Nc3 Nc6 5. a3 a6 6. e3 d6 {[%emt 0:01:08] A25: English Opening vs King's Indian with ...Nc6 but without early d3.} 7. Nge2 O-O 8. b3 Ne7 $146 ({Predecessor:} 8... Ba7 9. Bb2 Bf5 10. d3 Qd7 11. h3 Rab8 12. g4 Bg6 13. Ng3 h6 14. O-O b5 {½-½ Kelly,B (2426)-Miles,A (2584) BCF-ch 87th Millfield 2000 (11)}) 9. d4 Ba7 10. Bb2 c6 11. O-O Bd7 12. h3 Qc7 13. Qc2 exd4 14. Nxd4 Bxd4 15. exd4 Rad8 16. Rfe1 Rfe8 17. Re2 d5 18. Rae1 Bf5 19. Qd2 Be6 20. c5 Ng6 21. b4 Qd7 22. g4 h5 23. f3 Qc7 24. Bc1 Qg3 25. Nd1 Re7 26. Nb2 Rde8 27. Nd3 hxg4 28. hxg4 Nh7 29. Kf1 Nhf8 30. Nf4 Bd7 31. Rxe7 Rxe7 32. Rxe7 Nxe7 33. Qf2 Qh2 34. Qg1 Qh7 35. Qe3 Qc2 36. Ne2 Neg6 37. Kf2 f5 38. gxf5 Qxf5 39. Qg5 Qc2 40. Qd2 Qf5 41. Ng3 Qf6 42. Qe3 {[%emt 0:00:20] [#]} (42. Ne2 $11) 42... Qh4 $1 $17 43. f4 Bh3 44. Bxh3 Qxh3 45. Ne2 Qh2+ 46. Ke1 Nh4 47. Kd1 Nf5 48. Qd3 (48. Qe8 $17) 48... Ne6 49. Be3 (49. Qxf5 $17 Qxe2+ 50. Kxe2 Nxd4+ 51. Kf2 Nxf5 52. Kf3) 49... g6 $19 50. Kd2 Kf7 51. Kc3 Qh1 52. Kd2 Qf1 53. Ng1 $2 (53. Nc1 Qg2+ 54. Ne2) 53... Nxe3 $19 54. Qxe3 Qxf4 55. Qxf4+ Nxf4 56. Ke3 g5 57. Nf3 Kf6 58. a4 Kf5 59. Ne5 g4 60. Nf7 g3 61. Nh6+ Kg6 62. Ng4 g2 63. Kf2 Kf5 64. Ne5 Ke4 65. Nf7 Kxd4 66. Nd6 Kc3 67. b5 axb5 68. axb5 Kb4 0-1

[Event "French Top 16-A 2024"]
[Site "Chartres"]
[Date "2024.06.01"]
[Round "3.12"]
[White "Willems, Niels"]
[Black "Sankalp Gupta"]
[Result "1/2-1/2"]
[ECO "A17"]
[WhiteElo "2329"]
[BlackElo "2532"]
[Annotator "RC"]
[PlyCount "77"]
[EventDate "2024.06.01"]
[EventType "team-tourn"]
[EventCountry "FRA"]
[SourceTitle "playchess.com"]
[Source "ChessBase"]
[SourceQuality "1"]
[TimeControl "40/5400+30:1800+30"]

1. c4 e6 2. Nc3 d5 3. e3 Nf6 4. Nf3 Bd6 5. b3 O-O 6. Bb2 Re8 7. Be2 a6 8. O-O b6 9. cxd5 exd5 10. Rc1 Bb7 11. Re1 Nbd7 12. Bf1 Rc8 13. d3 c5 14. d4 c4 15. a4 Qc7 16. g3 Qc6 17. bxc4 dxc4 18. e4 b5 19. axb5 axb5 20. Bg2 Bb4 21. Nh4 Qb6 22. e5 Bxc3 23. Bxc3 Nd5 24. Nf5 Nxc3 25. Rxc3 Bxg2 26. Kxg2 Rc7 27. Qg4 g6 28. Nd6 Rf8 29. Qe4 Nf6 30. Qf3 Ne8 31. Qd5 Nxd6 32. exd6 Rd7 33. Rb1 Rb8 34. Qc5 Rxd6 35. Rxb5 Qxb5 36. Qxd6 Rc8 37. d5 Qc5 38. Qxc5 Rxc5 39. Kf3 1/2-1/2

[Event "French Top 16-A 2024"]
[Site "Chartres"]
[Date "2024.06.01"]
[Round "3.13"]
[White "Hamdouchi, Hicham"]
[Black "Harikrishna, Pentala"]
[Result "1/2-1/2"]
[ECO "A20"]
[WhiteElo "2528"]
[BlackElo "2700"]
[Annotator "TA"]
[PlyCount "98"]
[EventDate "2024.06.01"]
[EventType "team-tourn"]
[EventCountry "FRA"]
[SourceTitle "playchess.com"]
[Source "ChessBase"]
[SourceQuality "1"]
[TimeControl "40/5400+30:1800+30"]

1. c4 e5 2. g3 c6 3. d4 Bb4+ 4. Nd2 exd4 5. Ngf3 d5 6. cxd5 Qxd5 7. Bg2 Nf6 8. O-O O-O 9. Nb3 {[%emt 0:06:45] [#]} d3 $1 10. exd3 Qh5 11. a3 Bd6 12. Ng5 Qxd1 13. Rxd1 Bc7 14. Ne4 Nxe4 15. dxe4 Bb6 {[%emt 0:00:08] Prevents Nc5} 16. h3 Nd7 17. Bf4 Nf6 18. Bd6 Rd8 {[%emt 0:03:09] [#] White must now prevent ...Be6. The position is equal.} 19. e5 Be6 20. Nd4 Bxd4 21. Rxd4 Ne8 22. Rad1 Nxd6 23. Rxd6 Rxd6 24. Rxd6 $11 {[%emt 0:00:11][%mdl 4096] Endgame. KRB-KRB} Kf8 25. f4 h5 26. Bf3 g6 27. g4 hxg4 28. hxg4 Ke7 29. Rd4 a5 30. Kf2 Ra6 31. Be2 Rb6 32. b4 c5 $1 33. bxc5 Rc6 34. Rd6 {[%emt 0:02:12] And now Rxc6 would win.} Rxc5 35. Rb6 Bc8 36. a4 g5 37. fxg5 Rxe5 38. g6 fxg6 39. Rxg6 Re4 40. Rg7+ Kd6 41. Bd1 Bd7 42. g5 b6 43. g6 Bxa4 44. Bxa4 Rxa4 {[%emt 0:00:28] KR-KR} 45. Kf3 {[%emt 0:00:16][%cal Og7d7] Wards off Rg4. Rd7+! is the strong threat.} Ra3+ 46. Kf2 {[%emt 0:00:35][%cal Og7d7] Hoping for Rd7+!} Ra2+ 47. Kf3 {[%emt 0:00:22][%cal Og7d7] Rd7+! would now be deadly.} Ra3+ 48. Kf2 {[%emt 0:00:06][%cal Og7d7] Strongly threatening Rd7+!} Rc3 49. Rb7 Rc8 {[%emt 0:00:24] An even fight not without its subleties.   Weighted Error Value: White=0.03 (flawless) /Black=0.03 (flawless) .  Inaccurate:     	---       	Black=2      OK:         	White=21    	Black=25     Strong:       	---       	Black=1} 1/2-1/2

[Event "French Top 16-A 2024"]
[Site "Chartres"]
[Date "2024.06.01"]
[Round "3.13"]
[White "Flom, Gabriel"]
[Black "Malassagne, Raphael"]
[Result "1-0"]
[ECO "D10"]
[WhiteElo "2431"]
[BlackElo "2260"]
[Annotator "RC"]
[PlyCount "29"]
[EventDate "2024.06.01"]
[EventType "team-tourn"]
[EventCountry "FRA"]
[SourceTitle "playchess.com"]
[Source "ChessBase"]
[SourceQuality "1"]
[TimeControl "40/5400+30:1800+30"]

1. d4 d5 2. c4 c6 3. Nc3 e5 4. cxd5 cxd5 5. dxe5 d4 6. Ne4 Qa5+ 7. Bd2 Qxe5 8. Ng3 Nf6 9. Nf3 Qd6 10. Qa4+ Nc6 11. b4 b5 12. Qxb5 Rb8 13. Qa4 Bd7 14. b5 Nb4 15. a3 1-0

[Event "French Top 16-A 2024"]
[Site "Chartres"]
[Date "2024.06.01"]
[Round "3.14"]
[White "Degraeve, Jean-Marc"]
[Black "Gharamian, Tigran"]
[Result "1-0"]
[ECO "B08"]
[WhiteElo "2463"]
[BlackElo "2588"]
[Annotator "TA"]
[PlyCount "45"]
[EventDate "2024.06.01"]
[EventType "team-tourn"]
[EventCountry "FRA"]
[SourceTitle "playchess.com"]
[Source "ChessBase"]
[SourceQuality "1"]
[TimeControl "40/5400+30:1800+30"]

1. e4 g6 2. d4 d6 3. Nc3 a6 4. a4 Bg7 5. Nf3 Nf6 6. Be2 O-O 7. O-O b6 8. Re1 Bb7 9. e5 Nd5 (9... dxe5 $14 10. Nxe5 (10. dxe5 Nd5 $14) 10... Nfd7) 10. Nxd5 $16 Bxd5 11. c4 {[%emt 0:01:01] White is better.} Bb7 12. e6 $1 f5 (12... Qe8 $16 {was worth a try.} 13. Ng5 f5) 13. d5 $18 h6 14. Be3 a5 15. Qd2 Kh7 16. Ra3 {[%emt 0:12:17][%cal Oe3h6] [#] Strongly threatening Bxh6!} Rf6 $2 (16... Na6 {keeps fighting.} 17. Bd4 Bf6) 17. Bd4 Na6 18. Bd3 {[%emt 0:06:35][%cal Of3h4] aiming for Nh4!} Qh8 $2 (18... Nb4 {might work better.} 19. Bb1 c5 20. Bxf6 Bxf6) 19. Bb1 {[%emt 0:00:34] White is clearly winning.} Kg8 (19... Rff8 $142 20. Ng5+ Kg8) 20. Nh4 Raf8 21. Rg3 Qh7 22. Bxf6 Rxf6 {[%emt 0:00:04] [#]} 23. Nxg6 $1 {[%emt 0:00:12][%mdl 512] Black did not feel at home in the position after the opening.   Weighted Error Value: White=0.12 (very precise) /Black=0.75.  Mistake:       	---       	Black=5      Inaccurate:     	---       	Black=1      OK:         	White=5     	Black=3      Best:        	White=2     	---        Strong:       	White=1     	---} 1-0

[Event "French Top 16-A 2024"]
[Site "Chartres"]
[Date "2024.06.01"]
[Round "3.14"]
[White "Saya, Ethan"]
[Black "Rottenwohrer Suarez, Juan"]
[Result "0-1"]
[ECO "E08"]
[WhiteElo "2234"]
[BlackElo "2322"]
[Annotator "RC"]
[PlyCount "87"]
[EventDate "2024.06.01"]
[EventType "team-tourn"]
[EventCountry "FRA"]
[SourceTitle "playchess.com"]
[Source "ChessBase"]
[SourceQuality "1"]
[TimeControl "40/5400+30:1800+30"]

1. d4 Nf6 2. c4 e6 3. Nf3 d5 4. g3 Bb4+ 5. Bd2 Be7 6. Bg2 c6 7. Qc2 Nbd7 8. O-O O-O 9. Bf4 a5 10. Rd1 a4 11. Ne5 Qa5 12. Nd2 Nxe5 13. Bxe5 b5 14. cxd5 cxd5 15. Rac1 b4 16. e4 Ba6 17. exd5 Nxd5 18. Nc4 Qd8 19. Ne3 Bb7 20. Qc4 Bg5 21. Bxd5 Bxd5 22. Qxb4 Bxa2 23. Rc7 Bxe3 24. fxe3 Qg5 25. Qd2 Bd5 26. Rf1 f6 27. Bd6 Rfc8 28. Rf4 Rxc7 29. Bxc7 Qg6 30. Qe1 Rc8 31. e4 Ba8 32. Bd6 Rc2 33. Qb4 Qe8 34. Rf2 Rc8 35. Re2 Qh5 36. Qd2 Qg4 37. d5 exd5 38. exd5 Qc4 39. Qe1 Qd4+ 40. Rf2 Qxd5 41. Rd2 Qh1+ 42. Kf2 Qg2+ 43. Ke3 Re8+ 44. Kd4 0-1

[Event "French Top 16-A 2024"]
[Site "Chartres"]
[Date "2024.06.01"]
[Round "3.15"]
[White "Delorme, Axel"]
[Black "Pelletier, Yannick"]
[Result "1/2-1/2"]
[ECO "A30"]
[WhiteElo "2489"]
[BlackElo "2515"]
[Annotator "TA"]
[PlyCount "147"]
[EventDate "2024.06.01"]
[EventType "team-tourn"]
[EventCountry "FRA"]
[SourceTitle "playchess.com"]
[Source "ChessBase"]
[SourceQuality "1"]
[TimeControl "40/5400+30:1800+30"]

1. Nf3 Nf6 2. g3 b6 3. Bg2 Bb7 4. O-O c5 5. c4 e6 6. Nc3 Be7 7. d4 cxd4 8. Qxd4 d6 9. Rd1 a6 10. Ng5 Bxg2 11. Kxg2 Nc6 12. Qf4 Ra7 13. Nce4 Rd7 14. Nxf6+ Bxf6 15. Nxh7 Rxh7 16. Qe4 Rh5 17. Qxc6 Rc5 18. Qa4 Qa8+ 19. f3 Qc6 20. Qxc6 Rxc6 21. Be3 Rxc4 22. Rd2 b5 23. Rad1 d5 24. h4 g6 25. b3 Rc3 26. Bd4 Bxd4 27. Rxd4 a5 28. g4 Rc2 29. R1d2 Rdc7 30. Kg3 Ke7 31. h5 Kf6 32. hxg6 fxg6 33. R4d3 g5 34. Kf2 (34. Rd4 $15) 34... Ke5 35. Re3+ Kd6 36. Red3 b4 (36... Rxd2 $17 37. Rxd2 e5) 37. e3 $15 Ke5 ({Black should play} 37... R2c3 $17 {Strongly threatening ...Rxd3.} 38. Ke2 Rxd3 39. Rxd3 e5) 38. Ke2 Rc1 39. Rd1 $1 R1c2+ ({Better is} 39... R1c3 $11) 40. R1d2 $15 Rc1 (40... R2c6 $15 41. Rd4 Rh7 42. f4+ gxf4 43. exf4+ Kf6) 41. Rd1 $1 $11 Rxd1 42. Rxd1 Rh7 43. Rd2 Rh2+ 44. Kd3 Rh3 45. Ke2 Kd6 46. Rc2 e5 47. Rd2 Rh8 48. Kd3 Rh3 49. Ke2 Rh8 50. Kd3 Rf8 51. Ke2 Rc8 52. Rd3 (52. Kd1 $11) 52... Rc2+ $17 53. Rd2 Rc8 54. Rd3 Rc2+ 55. Rd2 Rc3 56. Rd3 Kc5 57. Kd2 (57. e4 $1 $11) 57... d4 $17 58. Ke2 Kd5 59. Kd2 Rc8 60. Kd1 Rc7 61. Kd2 Rc3 62. e4+ Kc5 63. Ke2 ({Don't go for} 63. Rxc3+ $2 bxc3+ 64. Kd3 Kb4 $19) 63... Kb5 64. Kd2 a4 (64... Kb6 $142 65. Ke2 Kb5) 65. Ke2 $19 Rc8 (65... Rc1 $19 {and Black stays clearly on top. ...Rb1 would now be deadly.} 66. Rd1 Rc3) 66. Rd1 a3 67. Rd2 Rc3 68. Rd3 Rc2+ 69. Rd2 Rc3 70. Rd3 Rc2+ 71. Rd2 Rb2 72. Kd3 Rb1 73. Ke2 Rb2 (73... Rh1 $17 74. Kf2 Rb1) 74. Kd3 1/2-1/2

[Event "French Top 16-A 2024"]
[Site "Chartres"]
[Date "2024.06.01"]
[Round "3.15"]
[White "Delorme, Laurie"]
[Black "Grigorian, Roudolph"]
[Result "1-0"]
[ECO "D37"]
[WhiteElo "2075"]
[BlackElo "2116"]
[Annotator "NA RC"]
[PlyCount "83"]
[EventDate "2024.06.01"]
[EventType "team-tourn"]
[EventCountry "FRA"]
[SourceTitle "playchess.com"]
[Source "ChessBase"]
[SourceQuality "1"]
[TimeControl "40/5400+30:1800+30"]

1. d4 d5 2. c4 e6 3. Nc3 Nf6 4. Nf3 Be7 5. Bf4 O-O 6. e3 a6 7. c5 Nbd7 8. h3 Ne4 9. Qc2 Ndf6 10. Bd3 Nxc3 11. Qxc3 Bd7 12. a4 Ne4 13. Qc2 f5 14. h4 Be8 15. h5 b6 16. cxb6 cxb6 17. Bc7 Bb4+ 18. Ke2 Qe7 19. Bxb6 Bd6 20. Rac1 Qb7 21. Bc5 Bxc5 22. dxc5 Rc8 23. Bxe4 fxe4 24. Ng1 Bxh5+ 25. f3 d4 26. c6 d3+ 27. Kd2 Rxc6 28. Qxc6 Qxb2+ 29. Kd1 d2 30. Rc2 Qa1+ 31. Kxd2 Rd8+ 32. Ke2 exf3+ 33. gxf3 Qd1+ 34. Kf2 Bg6 35. Qxe6+ Bf7 36. Qe4 Bg6 37. Qc4+ Kh8 38. Ra2 h6 39. Qe2 Qc1 40. Kg2 Bd3 41. Qf2 Qb1 42. Nh3 1-0

[Event "French Top 16-A 2024"]
[Site "Chartres"]
[Date "2024.06.01"]
[Round "3.16"]
[White "Guichard, Pauline"]
[Black "Broly, Mathilde"]
[Result "1-0"]
[ECO "A50"]
[WhiteElo "2362"]
[BlackElo "2097"]
[Annotator "RC"]
[PlyCount "81"]
[EventDate "2024.06.01"]
[EventType "team-tourn"]
[EventCountry "FRA"]
[SourceTitle "playchess.com"]
[Source "ChessBase"]
[SourceQuality "1"]
[TimeControl "40/5400+30:1800+30"]

1. d4 Nf6 2. c4 b6 3. Nc3 Bb7 4. Qc2 d5 5. cxd5 Nxd5 6. e4 Nxc3 7. bxc3 e5 8. d5 Bd6 9. Nf3 O-O 10. Bd3 Nd7 11. O-O Nc5 12. Be3 Qe8 13. a4 a5 14. Nh4 Bc8 15. Bb5 Qe7 16. Nf5 Bxf5 17. exf5 Rab8 18. Rae1 Qf6 19. Bxc5 Bxc5 20. Qe4 Bd6 21. Re3 Qg5 22. Rf3 f6 23. Bd7 Kh8 24. c4 Bc5 25. g3 Qd2 26. Kg2 Qd4 27. Qc2 Rbd8 28. Be6 Qg4 29. Re1 Rd6 30. Re4 Qg5 31. Rh4 c6 32. Qd1 cxd5 33. cxd5 Re8 34. Rd3 Rexe6 35. fxe6 f5 36. Qh5 Qxh5 37. Rxh5 Rd8 38. Rxf5 e4 39. Rd1 Kg8 40. d6 Re8 41. d7 1-0